 Dungeon Crawl Stone Soup version 0.20.1-1-g8b1a95d (webtiles) character file.

387 Glalom the Sneak (level 6, -3/28 HPs)
             Began as a Vine Stalker Enchanter on Nov 3, 2017.
             Killed by divine providence
             ... invoked by an orc priest
              (10 damage)
             ... on level 3 of the Dungeon.
             The game lasted 00:08:52 (2781 turns).

Glalom the Sneak (Vine Stalker Enchanter)           Turns: 2781, Time: 00:08:52

Health: -3/28      AC:  6    Str: 10    XL:     6   Next: 78%
Magic:  0/10       EV: 11    Int: 17    God:
Gold:   160        SH:  0    Dex: 15    Spells: 6/9 levels left

rFire    . . .     SeeInvis .   m - +0 short sword (venom)
rCold    . . .     Gourm    .   (no shield)
rNeg     . . .     Faith    .   k - +0 leather armour
rPois    .         Spirit   +   (no helmet)
rElec    .         Reflect  .   (no cloak)
rCorr    .         Harm     .   x - +2 pair of gloves
MR       .....                  (no boots)
Stlth    +++.......             (no amulet)
Regen    0.5/turn               (no ring)
MPRegen  0.2/turn               (no ring)

@: no status effects
A: fangs 2, regeneration 1, magic shield, antimagic bite, no potion heal 3, rot
immunity
a: no special abilities


You were on level 3 of the Dungeon.
You were hungry.

You visited 1 branch of the dungeon, and saw 3 of its levels.

You collected 160 gold pieces.

Inventory:

Hand Weapons
 a - a +1 dagger
 m - a +0 short sword of venom (weapon)
Armour
 b - a +0 robe
 k - a +0 leather armour (worn)
 x - a +2 pair of gloves (worn)
Scrolls
 f - a scroll of amnesia {unknown}
 g - 2 scrolls of magic mapping {unknown}
 i - 2 scrolls of remove curse {unknown}
 n - 2 scrolls of fear {unknown}
 q - 2 scrolls of teleportation {unknown}
 r - a scroll of blinking {unknown}
 s - a scroll of enchant weapon {unknown}
Potions
 e - a potion of brilliance {unknown}
 h - a potion of heal wounds {unknown}
 j - a potion of agility {unknown}
 l - 2 potions of resistance {unknown}
 o - a potion of curing {unknown}
 u - a potion of ambrosia {unknown}
 v - 2 potions of mutation {unknown}
Books
 c - a book of Maledictions

   Spells                             Type                      Level
   a - Corona                         Hexes                        1
   b - Ensorcelled Hibernation        Hexes/Ice                    2
   c - Confuse                        Hexes                        3
   d - Tukima's Dance                 Hexes                        3
   e - Dazzling Spray                 Conjuration/Hexes            3
 w - a book of Death

   Spells                             Type                      Level
   a - Corpse Rot                     Necromancy                   2
   b - Sublimation of Blood           Necromancy                   2
   c - Agony                          Necromancy                   5
   d - Dispel Undead                  Necromancy                   5
   e - Excruciating Wounds            Charms/Necromancy            5
   f - Bolt of Draining               Conjuration/Necromancy       5
Comestibles
 d - a bread ration
 p - 2 chunks of flesh
 t - a meat ration


   Skills:
 * Level 4.1 Short Blades
 - Level 1.5 Dodging
 - Level 5.2 Stealth
 - Level 2.1 Spellcasting
 + Level 4.6 Hexes
 + Level 1.5 Ice Magic


You had 6 spell levels left.
You knew the following spells:

 Your Spells              Type           Power        Failure   Level  Hunger
a - Corona                Hex            ###....      4%          1    #......
b - Ensorcelled Hibernat  Hex/Ice        ##....       11%         2    ###....


Dungeon Overview and Level Annotations

Branches:
Dungeon (3/15)

Altars:
Cheibriados
Fedhas
Qazlal

Annotations:
D:3 keglanek's ghost, amateur DrBe


Innate Abilities, Weirdness & Mutations

You have extremely sharp teeth.
Your natural rate of healing is unusually fast.
When hurt, damage is shared between your health and your magic reserves.
Your bite disrupts and absorbs the magic of your enemies.
Potions cannot restore your health.
You are immune to rotting.


Message History

You hit the bat.
You kill the bat!
You hit the kobold.
The kobold is poisoned.
The kobold is moderately wounded.
The kobold hits you but does no damage.
You closely miss the kobold. Your bite misses the kobold.
The kobold is heavily wounded.
You hit the kobold.
You kill the kobold!
You hit the orc but do no damage. The orc closely misses you.
You are feeling hungry.
You hit the orc but do no damage.
The orc is poisoned.
Your bite misses the orc.
The orc priest calls upon Beogh to heal the orc.
The orc's wounds heal themselves!
You hit the orc but do no damage.
The orc looks as sick as possible!
You bite the orc, but do no damage. The orc barely misses you.
The orc priest mumbles some strange prayers to Beogh against you.
Beogh smites you!
You die...

..#.#.#.........#
#.#.#.#....K....# #
#.#.#.#.........#
#.###.#.#.#.........#
#.........#.........#
#..........$....)...#
#.....o.###.#########
###.#.#o# #.# # #.#@#
#.# # #.# #.######
#.. #......#
###.######.# .# #.# #
#.# #.# #.#######
#........


You could see an orc priest and an orc.

Vanquished Creatures
  Sigmund (D:2)
  An orc priest (D:3)
  4 orc wizards
  Jessica (D:2)
  An adder (D:3)
  2 worms
  A dart slug (D:2)
  8 orcs (D:3)
  3 giant cockroaches
  2 goblins (D:2)
  6 hobgoblins
  6 jackals
  A ball python (D:1)
  3 bats
  3 frilled lizards
  4 kobolds
  5 rats
52 creatures vanquished.

Notes
Turn   | Place    | Note
-------+----------+-------------------------------------------
     0 | D:1      | Glalom the Vine Stalker Enchanter began the quest for the Orb.
     0 | D:1      | Reached XP level 1. HP: 9/9 MP: 4/4
    30 | D:1      | Reached skill level 1 in Short Blades
   586 | D:1      | Reached XP level 2. HP: 6/13 MP: 6/6
  1337 | D:2      | Learned a level 2 spell: Ensorcelled Hibernation
  1584 | D:2      | Noticed Jessica
  1594 | D:2      | Killed Jessica
  1594 | D:2      | Reached skill level 4 in Stealth
  1594 | D:2      | Reached XP level 3. HP: 16/16 MP: 3/7
  1868 | D:2      | Noticed Sigmund
  1880 | D:2      | Killed Sigmund
  1880 | D:2      | Reached skill level 5 in Stealth
  1880 | D:2      | Gained mutation: Your natural rate of healing is unusually fast. [Vine Stalker growth]
  1880 | D:2      | Reached XP level 4. HP: 11/21 MP: 3/8
  1880 | D:2      | Reached XP level 5. HP: 12/24 MP: 3/9
  2148 | D:3      | Found a snail-covered altar of Cheibriados.
  2156 | D:3      | Found a blossoming altar of Fedhas.
  2168 | D:3      | Reached XP level 6. HP: 28/28 MP: 10/10
  2206 | D:3      | Noticed keglanek's ghost (amateur DrBe)
  2339 | D:3      | Found a stormy altar of Qazlal.
  2403 | D:3      | Reached skill level 1 in Ice Magic
  2781 | D:3      | Killed from afar by an orc priest

Skill      XL: |  1  2  3  4  5  6 |
---------------+-------------------+-----
Short Blades   | 1 2 3 4 |  4.1
Stealth        | 4 5 |  5.2
Hexes          | 4 |  4.6
Ice Magic      | 1 |  1.5
Dodging        | |  1.5
Spellcasting   | |  2.1

Action                   |  1- 3 |  4- 6 || total
-------------------------+-------+-------++-------
Melee: Short sword       |    56 |    82 ||   138
       Dagger            |     9 |       ||     9
       Bite              |    14 |    17 ||    31
 Cast: Ensorcelled Hiber |     4 |     5 ||     9
       Corona            |       |     4 ||     4
 Stab: Sleeping          |     6 |     4 ||    10
  Eat: Chunk             |     3 |     3 ||     6
Armor: Leather armour    |    22 |    16 ||    38
       Robe              |     2 |       ||     2
Dodge: Dodged            |    40 |    43 ||    83
